 Dungeon Crawl Stone Soup version 0.29-a0-356-g7bc237e783 (webtiles) character file.

Game seed: 12448051361639404592

772 HendSelp the Cudgeller (level 7, -1/43 HPs)
             Began as a Gargoyle Gladiator on Apr 26, 2022.
             Slain by a gnoll
             ... wielding a +2 halberd of flaming
              (7 damage)
             ... on level 4 of the Dungeon.
             The game lasted 00:05:38 (5106 turns).

HendSelp the Cudgeller (Gargoyle Gladiator)         Turns: 5106, Time: 00:05:39

Health: -1/43      AC: 20    Str: 20    XL:     7   Next: 83%
Magic:  7/7        EV:  6    Int:  8    God:
Gold:   300        SH:  5    Dex: 11    Spells: 6/6 levels left

rFire   . . .      SeeInvis .   a - +0 flail
rCold   . . .      Faith    .   (no shield)
rNeg    + . .      Spirit   .   p - +1 plate armour
rPois   ∞          Reflect  +   c - +0 helmet
rElec   +          Harm     .   x - +0 cloak
rCorr   .          Rampage  .   (no gloves)
Will    .....                   (no boots)
Stlth   ..........              m - amulet of reflection
HPRegen 0.14/turn               w - ring of flight
MPRegen 0.10/turn               (no ring)

@: flying
A: sickness immunity, AC +4, negative energy resistance 1, electricity
resistance, torment resistance 1, petrification resistance
a: no special abilities


You were on level 4 of the Dungeon.
You visited 1 branch of the dungeon, and saw 4 of its levels.
You also visited: Sewer.

You collected 300 gold pieces.

Inventory:

Hand Weapons
 a - a +0 flail (weapon)
Missiles
 d - 3 throwing nets (quivered)
 e - a javelin
Armour
 c - a +0 helmet (worn)
 p - a +1 plate armour (worn)
 x - a +0 cloak (worn)
Jewellery
 m - an amulet of reflection (around neck)
 w - a ring of flight (left hand)
Wands
 i - a wand of iceblast (12)
 q - a wand of acid (6)
Scrolls
 g - 2 scrolls of immolation
 h - 3 scrolls of teleportation
 k - a scroll of blinking
 t - a scroll of enchant armour
 v - 2 scrolls of fog
 y - a scroll of identify
Potions
 b - a potion of haste
 f - a potion of lignification
 j - 5 potions of curing {unknown}
 l - a potion of resistance {unknown}
 n - a potion of flight {unknown}
 o - 2 potions of might {unknown}
 r - a potion of brilliance {unknown}
 s - 2 potions of degeneration {unknown}
 u - a potion of heal wounds {unknown}
 z - a potion of cancellation {unknown}
 A - a potion of ambrosia {unknown}


   Skills:
 + Level 4.1 Fighting
 + Level 6.4 Maces & Flails
 - Level 1.7 Throwing
 * Level 5.5 Armour
 - Level 2.4 Dodging


You had 6 spell levels left.
You didn't know any spells.
Your spell library contained the following spells:

 Spells                   Type           Power      Damage    Failure   Level
 Animate Skeleton         Necr           0%         N/A       100%        1
 Beastly Appendage        Tmut           0%         N/A       100%        1
 Pain                     Necr           0%         1d4       100%        1
 Wereblood                Tmut           0%         N/A       100%        2
 Conjure Flame            Conj/Fire      0%         6-21      100%        3
 Dazzling Flash           Conj/Hex       0%         N/A       100%        3
 Ignite Poison            Fire/Tmut/Pois 0%         N/A       100%        3
 Inner Flame              Hex/Fire       0%         N/A       100%        3
 Spider Form              Tmut/Pois      0%         N/A       100%        3
 Vampiric Draining        Necr           0%         2d6       100%        3
 Cause Fear               Hex            0%         N/A       100%        4
 Sticky Flame             Conj/Fire      0%         2d3       100%        4
 Agony                    Necr           0%         N/A       100%        5
 Silence                  Hex/Air        0%         N/A       100%        5
 Discord                  Hex            0%         N/A       100%        8


Dungeon Overview and Level Annotations

Branches:
Dungeon (4/15)              Sewer (visited)
 Temple: D:4-7

Altars:


Innate Abilities, Weirdness & Mutations

You are immune to sickness and miasma.
Your stone body is resilient. (AC +4)
You are immune to poison.
You resist negative energy. (rN+)
You are resistant to electric shocks. (rElec)
You are resistant to unholy torment.
You are immune to petrification.


Message History

A gnoll comes into view. It is wielding a +2 halberd of flaming.
There is an open door here.
You see here a +0 flail.
You hit the gnoll.
The gnoll is heavily wounded.
The gnoll hits you but does no damage.
You hit the gnoll.
The gnoll is severely wounded.
The gnoll hits you but does no damage.
The gnoll shouts!
You hit the gnoll.
You kill the gnoll!
You block the gnoll's attack.
The gnoll hits you with a +2 halberd of flaming.
The gnoll burns you.
You completely miss the gnoll. You block the gnoll's attack.
You hit the gnoll.
The gnoll is moderately wounded.
You block the gnoll's attack.
You barely miss the gnoll.
The gnoll is moderately wounded.
The gnoll hits you but does no damage. The gnoll completely misses you.
You thump the gnoll!
The gnoll is severely wounded.
The gnoll hits you from afar with a +0 spear.
The gnoll hits you with a +2 halberd of flaming.
The gnoll burns you.
You barely miss the gnoll.
The gnoll is severely wounded.
The gnoll hits you from afar with a +0 spear.
The gnoll hits you with a +2 halberd of flaming!
* * * LOW HITPOINT WARNING * * *
The gnoll burns you.
* * * LOW HITPOINT WARNING * * *
The gnoll hits you but does no damage. x2
You closely miss the gnoll.
The gnoll is severely wounded.
The gnoll barely misses you.
The gnoll hits you with a +2 halberd of flaming!
You die...

.)........)).....................
≈≈≈≈≈≈≈≈≈≈≈≈≈≈≈≈≈≈≈....≈≈≈≈≈≈≈≈≈≈
≈≈≈≈≈≈≈≈≈≈≈≈≈≈≈≈≈≈≈....≈≈≈≈≈≈≈≈≈≈
≈≈#####≈≈≈)≈≈≈≈≈≈≈≈....≈≈≈≈≈≈≈≈≈≈
≈≈#.g.#.....)..).)...............
≈≈#...#############''''##########
≈≈###'#,,,#.^.....#..).#,,,,,,,*,
≈≈≈.#..,*,#.....g)#....#..,,,,,*,
≈≈≈.#.#o,,#...g.@.)....'...,,,,*,
≈≈≈.#,****#'###############***'**
≈≈≈.#,,,,,*,,,,,,,*,,,,*,,,,,,,*,
≈≈≈.#,,,,,*,,,,,,,,,≈≈,,,,,,,,,*,
≈≈≈.#,**''*,,,,,,,,,≈≈,,,,,,,,,*'
≈≈≈.#,*,,,,,,,,,,,*,,,,*,,,,,,,,,
≈≈≈.#h#,,,,********,,,,********,,
≈≈###'#,,,,',,,,*,,,**,,,* *,,
≈≈#.g.###########################


You could see 2 gnolls.

Vanquished Creatures
  An ogre (D:4)
  2 bullfrogs (Sewer)
  A kobold brigand (D:4)
  3 howler monkeys (D:4)
  A gnoll shaman (D:4)
  2 hounds (D:4)
  An iguana (D:4)
  7 adders
  8 gnolls (D:4)
  A worm (D:3)
  A dart slug (D:3)
  7 orcs (D:4)
  12 ball pythons
  9 endoplasms
  10 giant cockroaches
  9 goblins
  A hobgoblin (D:3)
  15 jackals
  6 quokkas
  5 bats
  8 frilled lizards
  7 kobolds
  5 rats
122 creatures vanquished.

Vanquished Creatures (others)
  A fungus (D:4)
  2 plants (D:4)
3 creatures vanquished.

Grand Total: 125 creatures vanquished

Notes
Turn   | Place    | Note
-------+----------+-------------------------------------------
     0 | D:1      | HendSelp the Gargoyle Gladiator began the quest for the
                  | Orb.
     0 | D:1      | Reached XP level 1. HP: 12/12 MP: 1/1
   431 | D:1      | Reached XP level 2. HP: 10/17 MP: 2/2
   453 | D:1      | Reached skill level 1 in Armour
   981 | D:1      | Reached XP level 3. HP: 18/22 MP: 3/3
  1494 | D:2      | Found a faded altar of an unknown god.
  1666 | D:2      | Reached skill level 4 in Maces & Flails
  1904 | D:2      | Reached XP level 4. HP: 27/27 MP: 4/4
  2736 | D:3      | Found a glowing drain.
  2760 | Sewer    | Entered a sewer
  2995 | Sewer    | Noticed a bullfrog
  3002 | Sewer    | Killed a bullfrog
  3003 | Sewer    | Reached XP level 5. HP: 17/32 MP: 5/5
  3013 | Sewer    | Reached skill level 5 in Maces & Flails
  3013 | Sewer    | Reached XP level 6. HP: 21/37 MP: 6/6
  4127 | D:4      | Reached XP level 7. HP: 21/41 MP: 7/7
  4872 | D:4      | Reached skill level 5 in Armour
  4883 | D:4      | Reached skill level 6 in Maces & Flails
  5106 | D:4      | Slain by a gnoll

Illustrated notes

Levels and vault maps discovered:
D:1:      lightli_arrival_statue_moat, layout_basic
D:2:      layout_loops_ring, basic_ecumenical_altar, serial_park_tiny_2
D:3:      layout_rooms, portal_sewer_entry_e
D:4:      lemuel_castle_with_subvaults [lemuel_castle_interior_carwin_3],
          layout_loops_ring, moated_statue

Skill      XL: |  1  2  3  4  5  6  7 |
---------------+----------------------+-----
Armour         | 1 3 4 5 |  5.5
Maces & Flails | 4 5 6 |  6.4
Fighting       | 3 4 |  4.1
Throwing       | |  1.7
Dodging        | |  2.4

Action                   |  1- 3 |  4- 6 |  7- 9 || total
-------------------------+-------+-------+-------++-------
Melee: Flail             |   112 |   223 |   152 ||   487
       Punch             |     3 |     1 |     1 ||     5
Throw: Throwing net      |       |     1 |       ||     1
  Use: Scroll            |     1 |     9 |     1 ||    11
 Stab: Held in net/web   |       |     1 |       ||     1
Armor: Leather armour    |    31 |       |       ||    31
       Plate armour      |    26 |   153 |    85 ||   264
Dodge: Dodged            |    54 |    71 |    43 ||   168
Block: Other             |    20 |    56 |    29 ||   105

Table legend: (Time is in decaauts)
 A = Elapsed time spent in this place.
 B = Non-inter-level travel time spent in this place.
 C = Inter-level travel time spent in this place.
 D = Time resting spent in this place.
 E = Time spent auto-exploring this place.
 F = Levels seen in this place.
 G = Mean time per level.
                   A        B        C        D        E       F      G
               +--------+--------+--------+--------+--------+-----+--------+
         Total |   5183 |   5091 |     92 |    452 |   3608 |   5 | 1036.6 |
       Dungeon |   4708 |   4616 |     92 |    452 |   3288 |   4 | 1177.0 |
         Sewer |    474 |    474 |      0 |      0 |    320 |   1 |  474.0 |
               +--------+--------+--------+--------+--------+-----+--------+

Top non-repeatable levels by time:
     D:1: 1285 daAuts
     D:4: 1179 daAuts
     D:3: 1144 daAuts
     D:2: 1099 daAuts
   Sewer: 474 daAuts
